Map: Costas tropicales

Players

MrFercho - Winner!

  • Race: Terran Terran
  • Spawn Location: 0:00

tigro

  • Race: Terran Terran
  • Spawn Location: 5:00

VOD

Have the link to the VOD?

Description

Time

  • Played on: Aug. 1, 2019, 10:29 p.m.
  • Length: 36:56
Show
View Real Time Build Order
Export as new Build Order

MrFercho Terran - Winner!

Build Orders:  

Get SALT Encoding   

  12  0:11  SCV  
  13  0:23  SCV  
  14  0:28  Supply Depot  
  14  0:45  SCV  
  15  0:53  Engineering Bay  
  15  0:57  SCV  
  15  0:58  Barracks  
  16  1:09  SCV  
  17  1:22  SCV  
  17  1:25  Engineering Bay  
  18  1:28  Refinery  
  18  1:33  Refinery  
  18  1:44  SCV  
  18  1:47  Barracks  
  19  1:56  SCV  
  20  2:08  SCV  
  21  2:11  Supply Depot  
  21  2:20  SCV  
  22  2:32  SCV  
  23  3:04  Marine x2  
  25  3:13  SCV  
  25  3:17  Sensor Tower  
  26  3:25  Sensor Tower, Command Center, SCV  
  27  3:37  SCV  
  28  4:02  Barracks Tech Lab  
  28  4:03  Barracks Tech Lab  
  28  4:22  Sensor Tower  
  28  4:26  Marauder  
  30  4:35  Supply Depot  
  30  4:37  Marauder  
  30  4:38  Supply Depot  
  32  4:47  Reaper  
  33  4:58  Reaper  
  34  5:02  Refinery  
  34  5:03  Orbital Command  
  34  5:07  Orbital Command  
  34  5:19  Reaper  
  35  5:24  Factory  
  35  5:29  Refinery  
  35  5:30  Reaper  
  35  5:34  SCV x2  
  38  5:46  SCV x2  
  40  5:58  SCV x2  
  42  6:10  SCV  
  42  6:11  SCV  
  44  6:23  SCV x2  
  46  6:54  Combat Shield  
  46  6:57  Concussive Shells  
  46  7:00  Terran Infantry Armor Level 1, Terran Infantry Weapons Level 1  
  46  7:44  Bunker  
  46  7:46  Barracks  
  46  7:49  Barracks  
  46  7:56  Factory  
  46  8:01  Factory  
  46  8:14  Armory  
  46  8:15  Bunker  
  46  8:16  Marine x2  
  46  8:19  Armory  
  48  8:34  Marine x2  
  48  8:39  Factory  
  50  8:45  Bunker  
  50  8:52  Marine x2  
  52  9:05  Armory  
  52  9:09  Marine  
  52  9:10  Marine, SCV x2  
  56  9:22  SCV x2  
  58  9:27  Marine x2  
  60  9:34  SCV x2  
  62  10:23  SCV  
  62  10:24  SCV  
  64  10:36  SCV  
  64  10:38  Supply Depot  
  64  10:41  Supply Depot x2  
  64  10:42  Supply Depot  
  65  10:51  Hi-Sec Auto Tracking, Neosteel Armor  
  65  10:55  Terran Vehicle And Ship Armor Level 1, Terran Vehicle Weapons Level 1  
  65  10:56  Terran Ship Weapons Level 1  
  65  10:59  Factory Tech Lab x4  
  65  11:02  Supply Depot  
  65  11:05  Supply Depot  
  65  11:08  Supply Depot, Command Center  
  65  11:09  Starport  
  65  11:24  Missile Turret  
  65  11:28  Refinery  
  65  11:34  Refinery  
  65  11:46  Starport  
  65  11:47  Terran Infantry Armor Level 2  
  65  12:14  Command Center  
  61  12:25  Starport  
  61  12:30  Terran Infantry Weapons Level 2  
  61  12:32  SCV x2  
  63  12:37  Thor x3  
  63  12:38  Thor  
  87  12:44  SCV x2  
  89  12:51  Terran Vehicle Weapons Level 2  
  89  12:52  Terran Vehicle And Ship Armor Level 2, Terran Ship Weapons Level 2  
  89  12:56  Barracks Tech Lab x2, SCV x2  
  91  13:01  Marauder x2  
  91  13:04  Starport  
  95  13:08  SCV  
  95  13:09  SCV  
  95  13:10  Fusion Core  
  97  13:20  SCV, Siege Tank x2  
  97  13:21  SCV, Siege Tank x2  
  97  13:22  Marauder x2  
  115  13:29  Refinery  
  115  13:43  Marauder  
  117  13:55  Refinery  
  117  14:08  Ghost Academy  
  117  14:09  Starport Tech Lab x4  
  117  14:23  Orbital Command  
  117  14:37  Liberator x4, Ghost Academy  
  129  15:07  Ghost Academy  
  129  15:13  Sensor Tower  
  129  15:22  Marine x4  
  133  15:37  Ghost Academy  
  133  15:39  Marine  
  133  15:40  Marine x3  
  137  15:57  Marine x2  
  137  15:58  Marine x2  
  141  16:15  Marine x3  
  141  16:16  Marine  
  145  16:33  Marine x4  
  145  16:38  Personal Cloaking  
  145  16:39  Nuke x2  
  149  16:40  Nuke  
  149  17:14  Command Center  
  149  17:27  Weapon Refit  
  149  17:30  Infernal Pre-Igniter  
  149  17:31  Smart Servos, Drilling Claws  
  149  17:32  Mag-Field Accelerator  
  149  17:35  Cloaking Field, Rapid Reignition System  
  149  17:36  Corvid Reactor  
  149  17:37  Advanced Ballistics  
  149  17:39  Missile Turret  
  149  17:43  Terran Ship Weapons Level 3, Terran Vehicle Weapons Level 3  
  149  17:44  Terran Vehicle And Ship Armor Level 3  
  149  17:46  Terran Infantry Weapons Level 3  
  149  17:47  Terran Infantry Armor Level 3  
  149  18:01  Missile Turret  
  149  18:02  Stimpack  
  149  18:24  Missile Turret  
  149  18:28  Refinery  
  149  18:33  Hyperflight Rotors  
  149  18:45  Missile Turret  
  149  18:53  Refinery  
  149  19:08  Missile Turret  
  146  19:29  Missile Turret  
  140  19:42  Viking x4  
  148  19:51  Missile Turret  
  148  19:58  Marine x4  
  152  20:12  Viking, Battlecruiser x2, Banshee, Missile Turret, Siege Tank x2  
  152  20:13  Cyclone x2  
  181  20:15  Marine  
  181  20:16  Marine x3  
  185  20:28  Orbital Command  
  185  20:30  Orbital Command  
  185  20:33  Missile Turret  
  185  20:34  Marauder x4  
  193  20:42  Banshee  
  196  20:55  Marauder x2, Missile Turret  
  200  21:15  Missile Turret  
  200  21:39  Missile Turret  
  200  22:02  Missile Turret x2  
  200  22:06  Missile Turret  
  200  22:07  Missile Turret  
  200  22:25  Missile Turret  
  152  24:38  Missile Turret  
  152  24:40  Missile Turret  
  152  24:43  Missile Turret x2  
  152  24:45  Missile Turret  
  152  24:46  Missile Turret x3  
  152  24:50  Missile Turret  
  152  24:52  Missile Turret  
  149  24:57  Missile Turret  
  149  24:58  Missile Turret  
  111  25:54  Raven  
  111  25:55  Banshee x3  
  122  26:10  Siege Tank x2  
  122  26:11  Thor, Siege Tank  
  137  26:21  Marine x4  
  141  26:33  Nuke  
  141  26:37  Banshee x3  
  141  26:38  Banshee  
  141  26:39  Marine x3  
  158  26:40  Marauder  
  158  26:42  Thor  
  158  26:43  Widow Mine x2  
  158  26:46  Missile Turret  
  158  26:47  Missile Turret  
  168  26:49  Missile Turret  
  168  26:50  Missile Turret  
  168  26:51  Missile Turret x2  
  168  26:53  Missile Turret  
  168  26:54  Widow Mine, Missile Turret  
  168  26:56  Missile Turret  
  168  26:57  Marauder x2  
  168  26:58  Marauder, Missile Turret  
  168  27:00  Missile Turret  
  178  27:01  Marauder  
  178  27:04  Widow Mine x2  
  182  27:10  Missile Turret  
  182  27:11  Missile Turret  
  182  27:16  Widow Mine  
  182  27:18  Marine x3  
  182  27:20  Viking x3  
  182  27:21  Battlecruiser  
  182  27:22  Marine  
  200  27:34  Refinery  
  200  27:38  Command Center  
  200  27:39  Refinery  
  200  27:59  Refinery  
  200  28:00  Refinery  
  200  28:02  Command Center  
Show
View Real Time Build Order
Export as new Build Order

tigro Terran 

Build Orders:  

Get SALT Encoding   

  12  0:04  SCV  
  13  0:16  SCV  
  14  0:26  Supply Depot  
  14  0:32  Refinery  
  14  0:39  SCV  
  14  0:40  Refinery  
  15  1:01  SCV  
  15  1:02  Barracks  
  16  1:13  SCV  
  17  1:50  Reaper  
  18  1:56  Supply Depot  
  18  2:22  Reaper  
  19  2:26  Barracks  
  19  2:54  Reaper  
  20  3:14  Barracks Tech Lab  
  20  3:20  Engineering Bay  
  20  3:26  Reaper  
  21  3:37  Marine  
  22  3:55  Marine  
  22  3:59  Reaper  
  22  4:02  Missile Turret  
  24  4:13  Marine  
  25  4:31  Marine  
  25  4:36  Command Center  
  25  4:38  Orbital Command  
  26  4:45  Barracks Tech Lab  
  26  4:49  Marine  
  26  4:50  Terran Infantry Weapons Level 1  
  27  4:55  Combat Shield  
  27  5:26  SCV  
  28  5:30  Stimpack  
  28  5:38  SCV  
  29  5:50  SCV  
  29  5:53  Refinery  
  30  5:59  Planetary Fortress  
  30  6:02  SCV  
  31  6:06  Refinery  
  31  6:27  Missile Turret  
  31  6:44  Terran Infantry Armor Level 1  
  31  6:58  Missile Turret  
  31  7:09  Concussive Shells  
  31  7:12  Marauder  
  33  7:18  Marine  
  34  7:33  Marauder  
  34  7:36  Marine  
  37  7:45  Bunker  
  37  7:48  SCV  
  38  7:54  Marine  
  38  7:55  Marauder  
  41  8:00  SCV  
  42  8:09  Supply Depot  
  42  8:11  Marine  
  43  8:13  SCV  
  43  8:16  Marauder  
  46  8:30  Marine, SCV  
  48  8:35  Missile Turret  
  48  8:38  Marauder, Neosteel Armor  
  50  8:42  SCV  
  50  8:45  Factory  
  51  9:10  Supply Depot  
  51  9:35  Factory Tech Lab  
  51  9:43  Missile Turret  
  51  9:48  Armory  
  51  10:18  Hi-Sec Auto Tracking  
  51  10:24  Starport  
  51  10:27  Infernal Pre-Igniter  
  51  10:38  Thor  
  51  10:39  Missile Turret  
  57  11:36  Starport Tech Lab  
  57  11:46  Mag-Field Accelerator  
  57  11:49  Thor  
  60  12:58  Terran Infantry Weapons Level 2  
  60  13:01  Terran Vehicle Weapons Level 1  
  60  13:05  Bunker  
  60  13:11  Medivac  
  62  13:15  Rapid Reignition System  
  62  13:55  Supply Depot  
  62  14:01  Missile Turret  
  62  14:12  Corvid Reactor  
  62  14:16  Marine, Siege Tank  
  66  14:18  Supply Depot  
  66  14:34  Marine  
  67  14:46  Fusion Core  
  67  14:48  SCV, Siege Tank  
  67  14:52  Marine  
  72  14:55  Terran Vehicle And Ship Armor Level 1  
  72  15:09  Marine  
  72  15:13  Terran Infantry Armor Level 2  
  73  15:20  Siege Tank  
  76  15:27  Marine  
  77  15:30  Cloaking Field  
  77  15:55  Missile Turret  
  77  16:37  Engineering Bay  
  77  16:49  Hyperflight Rotors, Terran Ship Weapons Level 1  
  77  16:51  Supply Depot  
  77  17:06  Missile Turret  
  77  17:13  Battlecruiser, Siege Tank  
  86  17:39  Factory  
  86  17:47  Command Center  
  86  17:59  Refinery  
  86  18:19  Drilling Claws  
  86  18:53  Factory Tech Lab  
  86  18:58  Battlecruiser  
  89  19:20  Supply Depot  
  89  19:38  Smart Servos  
  89  20:02  Battlecruiser, Planetary Fortress  
  95  20:16  Refinery  
  95  20:18  Missile Turret  
  95  20:49  Missile Turret  
  95  20:56  Missile Turret  
  95  21:07  Battlecruiser  
  101  21:28  Starport  
  101  21:53  Bunker  
  101  22:06  Thor  
  107  22:12  Terran Vehicle And Ship Armor Level 2  
  107  22:17  Terran Infantry Weapons Level 3  
  98  22:49  Thor  
  97  22:57  Marauder  
  87  23:06  Marine  
  88  23:19  Marauder  
  90  23:23  Marine  
  90  23:25  Starport Tech Lab  
  91  23:32  Thor  
  97  23:40  Marauder  
  99  23:41  Marine  
  99  23:48  Bunker  
  100  23:59  Marine  
  100  24:01  Marauder  
  103  24:17  Marine  
  103  24:19  Missile Turret  
  103  24:23  Marauder  
  106  24:28  Terran Vehicle Weapons Level 2  
  106  24:35  Marine  
  107  24:44  Marauder  
  109  24:54  Terran Infantry Armor Level 3  
  107  25:06  Marauder  
  37  25:52  Marine  
  37  25:55  Marine  
  39  25:59  Battlecruiser  
  39  26:03  Thor  
  51  26:09  Marine  
  52  26:13  Marine  
  53  26:27  Marine  
  53  26:31  Marine  
  55  26:44  Terran Ship Weapons Level 2  
  55  26:45  Marine  
  55  26:46  Thor  
  62  26:49  Marine  
  63  27:00  Refinery  
  63  27:03  Marine  
  63  27:04  Battlecruiser  
  63  27:07  Marine  
  67  27:24  Missile Turret  
  67  27:45  Missile Turret  
  67  28:08  Battlecruiser  
  73  28:34  Refinery  
  73  28:46  Medivac  
  75  29:11  Weapon Refit  
  75  29:12  Battlecruiser  
  75  29:16  Medivac  
  69  30:16  Battlecruiser  
  73  30:45  Siege Tank  
  73  30:49  Thor  
  82  30:52  Marine  
  82  30:56  Marine  
  84  31:10  Marine  
  85  31:11  SCV  
  85  31:14  Marine  
  85  31:17  Siege Tank  
  90  31:21  Battlecruiser  
  96  31:28  Marine  
  96  31:32  Marine  
  98  31:45  Marine  
  99  31:49  Marine, Siege Tank  
  103  32:03  Marine  
  103  32:06  Missile Turret  
  103  32:07  Marine  
  96  32:21  Thor  
  98  32:46  Marine  
  39  33:04  Marine  
  25  33:09  Siege Tank  
  25  33:12  Thor  
  32  33:22  Marine  
  33  33:30  Viking  
  24  34:04  Supply Depot  
  16  34:25  Siege Tank  
  19  34:54  Engineering Bay  
  19  34:59  Barracks  
Tags
 
Matchup
TvT
Race
Terran
Replay Pack
MrFercho
Add a new tag
Caveats
  • Supply blocks, unpowered buildings, or Contaminate may cause inaccurate times.
  • Supply counts are checked every 10 seconds.